 Dungeon Crawl Stone Soup version 0.24-a0-189-g5d897e9 (webtiles) character file.

Game seed: 273596787785714479

8395 nikopol the Thaumaturge (level 11, -9/58 HPs)
             Began as a Deep Elf Fire Elementalist on Mar 17, 2019.
             Was an Elder of Vehumet.
             Mangled by an ice beast (13 damage)
             ... summoned by Fannar
             ... on level 10 of the Dungeon.
             The game lasted 00:30:50 (11348 turns).

nikopol the Thaumaturge (DEFE)                     Turns: 11348, Time: 00:30:50

Health: -9/58      AC:  8    Str:  5    XL:     11   Next: 9%
Magic:  1/29       EV: 17    Int: 24    God:    Vehumet [****..]
Gold:   603        SH:  0    Dex: 17    Spells: 19/34 levels left

rFire    + . .     SeeInvis .   q - +3 dagger
rCold    x . .     Gourm    .   (no shield)
rNeg     . . .     Faith    .   a - +0 robe
rPois    .         Spirit   .   D - +0 helmet
rElec    .         Reflect  .   i - +2 cloak
rCorr    .         Harm     .   H - +0 pair of gloves (curse)
MR       +....                  I - +0 pair of boots
Stlth    +++.......             k - amulet of regeneration
HPRegen  0.59/turn              s - ring of fire
MPRegen  0.21/turn              A - +2 ring of dexterity

@: no status effects
A: no striking features
a: Renounce Religion


You were on level 10 of the Dungeon.
You worshipped Vehumet.
Vehumet was greatly pleased with you.
You were hungry.

You visited 2 branches of the dungeon, and saw 11 of its levels.

You collected 603 gold pieces.

Inventory:

Hand Weapons
 n - a +0 dagger
 q - a +3 dagger (weapon)
Armour
 a - a +0 robe (worn)
 i - a +2 cloak (worn)
 D - a +0 helmet (worn)
 H - a cursed +0 pair of gloves (worn)
 I - a +0 pair of boots (worn)
Jewellery
 k - an amulet of regeneration (around neck)
 s - a ring of fire (left hand)
 A - a +2 ring of dexterity (right hand)
Wands
 l - a wand of digging (3)
 t - a wand of iceblast (11)
 B - a wand of enslavement (9)
 G - a wand of flame (11)
Scrolls
 b - 3 scrolls of fear {unknown}
 d - 9 scrolls of identify {unknown}
 e - a scroll of random uselessness {unknown}
 g - 7 scrolls of teleportation {unknown}
 h - 3 scrolls of enchant weapon {unknown}
 u - 2 scrolls of remove curse {unknown}
 v - 2 scrolls of fog {unknown}
 y - a scroll of silence {unknown}
 z - a scroll of enchant armour {unknown}
 C - 4 scrolls of immolation {unknown}
 E - 2 scrolls of noise {unknown}
 F - a scroll of magic mapping {unknown}
Potions
 f - 3 potions of heal wounds {unknown}
 j - 6 potions of degeneration {unknown}
 m - 3 potions of brilliance {unknown}
 o - a potion of haste {unknown}
 p - 2 potions of curing {unknown}
 r - a potion of agility {unknown}
 w - a potion of flight {unknown}
 x - a potion of mutation {unknown}
 J - 3 potions of might {unknown}
Comestibles
 c - 18 rations


   Skills:
 + Level 2.4 Fighting
 + Level 7.6 Dodging
 + Level 4.5 Stealth
 + Level 12.3 Spellcasting
 + Level 9.1 Conjurations
 + Level 10.5 Fire Magic


You had 19 spell levels left.
You knew the following spells:

 Your Spells              Type           Power        Failure   Level  Hunger
a - Flame Tongue          Conj/Fire      #####        1%          1    None
b - Throw Flame           Conj/Fire      ######       1%          2    None
c - Conjure Flame         Conj/Fire      #######.     1%          3    None
d - Sticky Flame          Conj/Fire      #######.     1%          4    None
e - Fireball              Conj/Fire      #######...   1%          5    ###....

Your spell library contained the following spells:

 Spells                   Type           Power        Failure   Level  Hunger
 Ignite Poison            Fire/Tmut/Pois #####...     1%          3    None
 Inner Flame              Hex/Fire       ######..     1%          3    None
 Animate Skeleton         Necr           N/A          4%          1    None
 Pain                     Necr           ##..         4%          1    None
 Regeneration             Chrm/Necr      ##........   12%         3    None
 Vampiric Draining        Necr           ##........   12%         3    None
 Animate Dead             Necr           N/A          38%         4    None


Dungeon Overview and Level Annotations

Branches:
Dungeon (10/15)            Temple (1/1) D:4            Lair (0/6) D:10
    Orc: D:9-12

Altars:
Ashenzari
Cheibriados
Dithmenos
Elyvilon
Fedhas
Gozag
Hepliaklqana
Kikubaaqudgha
Makhleb
Nemelex Xobeh
Okawaru
Qazlal
Ru
Sif Muna
Trog
Uskayaw
Vehumet
Wu Jian
Xom
Yredelemnul
Zin
The Shining One

Annotations:
D:10 Fannar


Message History

Fannar hits you with a +0 quarterstaff of freezing.
Fannar freezes you. The ice beast hits you.
* * * LOW HITPOINT WARNING * * *
The ice beast freezes you!
You feel a terrible chill!
* * * LOW HITPOINT WARNING * * *
You hear a shout! x2
You barely miss Fannar.
Fannar is almost dead.
The howler monkey hoots and howls with incredible vigour!
Fannar closely misses you. The ice beast misses you.
A phantom comes into view.
You hear a shout!
You miss Fannar.
Fannar is almost dead.
The orc hits you with a +0 club.
* * * LOW HITPOINT WARNING * * *
The crimson imp blinks!
The ice beast hits you.
* * * LOW HITPOINT WARNING * * *
The ice beast freezes you!
You feel a terrible chill!
You die...

#.. #.
#..#####..####..#####.
#.....................
#.....................
.####........#
#####..###
..W...h......# #..#
...ยง........# #..#
#.....o..########..###
#..he@................
#?..Y.................
#..####..#####..######
#.. #..# #..# # ....
#..# #..# ## .....
#..#####..#####.
####..
..............#. #..
.................
##..#####..###...


You could see Fannar, a phantom, an ice beast, 2 howler monkeys and an orc.

Vanquished Creatures
  2 hornets (D:10)
  2 hippogriffs (D:9)
  A human (D:8)
  7 yaks
  3 hogs (D:8)
  2 hungry ghosts (D:9)
  Menkaure (D:7)
  3 wargs (D:10)
  Edmund (D:5)
  Duvessa (D:5)
  3 ice beasts
  2 sky beasts
  2 orc warriors
  2 black bears
  A phantom (D:7)
  7 ogres
  4 centaurs
  A big kobold (D:9)
  6 bullfrogs
  Dowan (D:5)
  A wyvern zombie (D:6)
  3 scorpions
  5 killer bees (D:8)
  11 wights (D:6)
  7 howler monkeys
  A bullfrog zombie (D:8)
  2 jellies
  A quasit (D:7)
  3 crimson imps
  8 orc priests
  5 hounds
  13 orc wizards
  2 bullfrog skeletons
  3 iguanas
  Jessica (D:2)
  Ijyb (D:3)
  Natasha (thrice) (D:2)
  5 worker ants
  A hound zombie (D:7)
  2 hound skeletons
  A howler monkey zombie (D:9)
  4 gnolls (D:6)
  A howler monkey skeleton (D:5)
  14 adders
  2 shadow imps
  An ooze (D:4)
  2 worms
  2 dart slugs
  3 leopard geckos
  37 orcs
  2 giant cockroaches
  11 goblins
  8 hobgoblins
  9 jackals
  10 kobolds
  4 quokkas
  A ball python (D:2)
  5 bats
  5 frilled lizards
  2 jackal zombies
  A quokka skeleton (D:9)
  A quokka zombie (D:9)
  6 rats
262 creatures vanquished.

Notes
Turn   | Place    | Note
-------+----------+-------------------------------------------
     0 | D:1      | nikopol the Deep Elf Fire Elementalist began the quest for
                  | the Orb.
     0 | D:1      | Reached XP level 1. HP: 10/10 MP: 6/6
   122 | D:1      | Reached XP level 2. HP: 15/15 MP: 1/8
   583 | D:2      | Reached XP level 3. HP: 15/19 MP: 6/10
   626 | D:2      | Reached skill level 4 in Spellcasting
   630 | D:2      | Reached XP level 4. HP: 3/24 MP: 1/12
  1209 | D:2      | Noticed Natasha
  1216 | D:2      | Killed Natasha
  1216 | D:2      | Reached XP level 5. HP: 28/28 MP: 9/13
  1234 | D:2      | Learned a level 2 spell: Throw Flame
  1238 | D:2      | Learned a level 3 spell: Conjure Flame
  1243 | D:2      | Learned a level 4 spell: Sticky Flame
  1261 | D:2      | Noticed Jessica
  1267 | D:2      | Killed Jessica
  1329 | D:2      | Noticed Natasha
  1343 | D:2      | Killed Natasha
  1755 | D:2      | Noticed Natasha
  1761 | D:2      | Killed Natasha
  1761 | D:2      | Reached skill level 5 in Spellcasting
  1879 | D:3      | Reached XP level 6. HP: 25/32 MP: 7/15
  1921 | D:2      | Reached skill level 5 in Fire Magic
  2509 | D:3      | Found a glowing golden altar of the Shining One.
  2866 | D:4      | Reached skill level 6 in Spellcasting
  2868 | D:4      | Found a shattered altar of Ashenzari.
  3042 | D:4      | Noticed Ijyb
  3043 | D:4      | Reached XP level 7. HP: 36/36 MP: 6/18
  3065 | D:3      | Killed Ijyb
  3220 | D:4      | Found a staircase to the Ecumenical Temple.
  3292 | Temple   | Entered the Ecumenical Temple
  3647 | D:4      | Found a blossoming altar of Fedhas.
  4071 | D:5      | Entered Level 5 of the Dungeon
  4134 | D:4      | Found an ancient bone altar of Kikubaaqudgha.
  4134 | D:4      | Found a radiant altar of Vehumet.
  4146 | D:4      | Became a worshipper of Vehumet
  4493 | D:5      | Noticed Edmund
  4507 | D:5      | Killed Edmund
  4507 | D:5      | Reached skill level 7 in Spellcasting
  4683 | D:5      | Reached XP level 8. HP: 37/41 MP: 13/21
  5107 | D:5      | Noticed Duvessa
  5110 | D:5      | Noticed Dowan
  5125 | D:5      | Killed Duvessa
  5127 | D:5      | Killed Dowan
  5715 | D:6      | Reached skill level 1 in Fighting
  5715 | D:6      | Reached skill level 5 in Conjurations
  5831 | D:6      | Reached skill level 5 in Dodging
  5832 | D:6      | Reached skill level 8 in Spellcasting
  6181 | D:6      | Learned a level 5 spell: Fireball
  6250 | D:6      | Reached XP level 9. HP: 47/47 MP: 11/23
  6420 | D:6      | Reached skill level 9 in Spellcasting
  6507 | D:6      | Reached * piety under Vehumet
  6507 | D:6      | Offered knowledge of Sandblast by Vehumet.
  6827 | D:6      | Found a deep blue altar of Sif Muna.
  6995 | D:7      | Noticed Menkaure
  6999 | D:7      | Killed Menkaure
  7177 | D:7      | Found a white marble altar of Elyvilon.
  7216 | D:7      | Reached skill level 10 in Spellcasting
  7485 | D:7      | Offered knowledge of Searing Ray by Vehumet.
  7490 | D:7      | Reached ** piety under Vehumet
  8087 | D:7      | Found a hide-covered altar of Uskayaw.
  8525 | D:8      | Reached XP level 10. HP: 53/53 MP: 6/26
  9551 | D:9      | Offered knowledge of Dazzling Spray by Vehumet.
  9835 | D:9      | Reached skill level 11 in Spellcasting
 10128 | D:9      | Reached *** piety under Vehumet
 10201 | D:9      | Found an opulent altar of Gozag.
 10308 | D:9      | Reached skill level 10 in Fire Magic
 10522 | D:9      | Offered knowledge of Ignite Poison by Vehumet.
 10703 | D:9      | Reached skill level 12 in Spellcasting
 11024 | D:10     | Entered Level 10 of the Dungeon
 11092 | D:10     | Reached **** piety under Vehumet
 11122 | D:10     | Reached XP level 11. HP: 58/58 MP: 20/29
 11196 | D:10     | Found a staircase to the Lair.
 11336 | D:10     | Noticed Fannar
 11348 | D:10     | Mangled by an ice beast

Levels and vault maps discovered:
D:1:      psy_arrival_terrarium, layout_basic
D:2:      layout_basic, first_ration, st_stairs_8, uniq_natasha, uniq_jessica
D:3:      layout_rooms, tso_oasis_becter
D:4:      layout_basic, nicolae_overflow_hidden_temple, temple_pool_b,
          cheibrodos_ashenzari_chains, uniq_ijyb
D:5:      layout_basic, uniq_edmund, uniq_duvessa
D:6:      layout_basic, marbit_many_paths
D:7:      layout_layer_cave, kennysheep_little_box,
          nicolae_overflow_crystal_walls, uniq_menkaure
D:8:      layout_loops_ring, grunt_livestock
D:9:      minmay_general_purpose_star, layout_basic,
          nicolae_gozag_cash_rules_everything_around_me
D:10:     layout_small_grid, erik_lair_orcish_takeover, uniq_fannar
Temple:   zaba_magenta_temple

Skill      XL: |  1  2  3  4  5  6  7  8  9 10 |
---------------+-------------------------------+-----
Spellcasting   | 4 5 6 7 8 10 12 | 12.3
Fire Magic     | 4 5 6 7 9 10 | 10.5
Stealth        | 3 4 |  4.5
Dodging        | 3 6 7 |  7.6
Conjurations   | 2 3 4 5 7 9 |  9.1
Fighting       | 1 2 |  2.4

Action                   |  1- 3 |  4- 6 |  7- 9 | 10-12 || total
-------------------------+-------+-------+-------+-------++-------
Melee: Unarmed           |     1 |       |       |       ||     1
       Dagger            |       |       |   281 |   212 ||   493
 Cast: Flame Tongue      |    42 |   125 |   237 |   141 ||   545
       Conjure Flame     |       |     1 |     6 |     7 ||    14
       Throw Flame       |       |     1 |     8 |     1 ||    10
       Sticky Flame      |       |       |    32 |    13 ||    45
       Fireball          |       |       |     4 |    25 ||    29
  Eat: Chunk             |       |     6 |    13 |    11 ||    30
       Ration            |       |       |     2 |       ||     2
Armor: Robe              |     2 |    18 |    88 |    59 ||   167
Dodge: Dodged            |     8 |    24 |   221 |   135 ||   388

Table legend:
 A = Non-vault XP
 B = Vault XP
 C = Vault XP percentage of total XP
 D = Non-vault monster count
 E = Vault monster count
 F = Vault count percentage of total count
                 A         B        C        D         E       F
            +---------+---------+-------+---------+---------+-------
      Total |    8875 |    3118 |  26.0 |     237 |      25 |   9.5
            +---------+---------+-------+---------+---------+-------
        D:1 |      27 |       0 |   0.0 |      14 |       0 |   0.0
        D:2 |     277 |      74 |  21.1 |      34 |       3 |   8.1
        D:3 |     195 |      36 |  15.6 |      22 |       1 |   4.3
        D:4 |     337 |       0 |   0.0 |      15 |       0 |   0.0
        D:5 |     463 |     369 |  44.4 |      12 |       3 |  20.0
        D:6 |    1879 |      70 |   3.6 |      33 |       1 |   2.9
        D:7 |    1037 |     172 |  14.2 |      31 |       1 |   3.1
        D:8 |     896 |     973 |  52.1 |      21 |       5 |  19.2
        D:9 |    2737 |     855 |  23.8 |      45 |       5 |  10.0
       D:10 |    1027 |     569 |  35.7 |      10 |       6 |  37.5
            +---------+---------+-------+---------+---------+-------
